 Dungeon Crawl Stone Soup version 0.29-a0-506-ga2e7fffb44 (webtiles) character file.

Game seed: 11856281290809052289

212 benadryl the Ruffian (level 5, -13/50 HPs)
             Began as a Troll Transmuter on May 28, 2022.
             Killed from afar by Ijyb (20 damage)
             ... with a bolt of acid
             ... on level 3 of the Dungeon.
             The game lasted 00:02:27 (2004 turns).

benadryl the Ruffian (Troll Transmuter)             Turns: 2004, Time: 00:02:27

Health: -13/50     AC: 11    Str: 22    XL:     5   Next: 58%
Magic:  5/5        EV:  9    Int:  9    God:
Gold:   117        SH:  0    Dex: 10    Spells: 5/6 levels left

rFire   . . .      SeeInvis .   a - +10 short sword "Dadeaxi" {protect, Str+2 Stlth+}
rCold   . . .      Faith    .   (no shield)
rNeg    . . .      Spirit   .   e - +0 robe
rPois   .          Reflect  .   (helmet restricted)
rElec   .          Harm     .   (no cloak)
rCorr   .          Rampage  .   (gloves unavailable)
Will    .....                   (boots unavailable)
Stlth   ++........              (no amulet)
HPRegen 0.96/turn               (no ring)
MPRegen 0.09/turn               (no ring)

@: under a protective aura
A: large, unfitting armour, claws 3, regeneration 1, shaggy fur 1, tough skin 1
a: no special abilities


You were on level 3 of the Dungeon.
You visited 1 branch of the dungeon, and saw 3 of its levels.

You collected 117 gold pieces.

Inventory:

Hand Weapons
 a - the +10 short sword "Dadeaxi" (weapon) {protect, Str+2 Stlth+}
   (You took it off a hobgoblin on level 2 of the Dungeon)

   It grants its wielder temporary protection when it strikes (+7 to AC).
   Str:       It affects your strength (+2).
   Stlth:     It makes you more stealthy.
Missiles
 j - 5 javelins
Armour
 e - a +0 robe (worn)
Wands
 c - a wand of polymorph (2) (quivered)
Scrolls
 f - a scroll of enchant weapon {unknown}
 h - a scroll of fear {unknown}
 i - 2 scrolls of identify {unknown}
Potions
 b - 2 potions of lignification
 g - a potion of mutation {unknown}


   Skills:
 + Level 2.5 Fighting
 - Level 1.5 Dodging
 * Level 5.5 Unarmed Combat
 - Level 1.2 Spellcasting
 - Level 1.3 Transmutations


You had 5 spell levels left.
You knew the following spells:

 Your Spells              Type           Power      Damage    Failure   Level
a - Beastly Appendage     Tmut           6%         N/A       21%         1

Your spell library contained the following spells:

 Spells                   Type           Power      Damage    Failure   Level
 Wereblood                Tmut           3%         N/A       30%         2
 Spider Form              Tmut/Pois      1%         N/A       63%         3
 Gell's Gravitas          Tloc           0%         N/A       73%         3
 Teleport Other           Tloc           0%         N/A       73%         3
 Ice Form                 Ice/Tmut       1%         N/A       95%         4
 Dispersal                Tloc           0%         N/A       100%        6


Dungeon Overview and Level Annotations

Branches:
Dungeon (3/15)

Altars:

Annotations:
D:3 Ijyb


Innate Abilities, Weirdness & Mutations

You are too large for most types of armour.
You have claws for hands.
Your natural rate of healing is unusually fast.
You are covered in fur. (AC +1)
You have tough skin. (AC +1)


Message History

You see here 5 javelins.
j - 5 javelins
(D) Dungeon
Where to? (Enter - D:2 @ (x,y), ? - help)
You see here 2 boomerangs.
Things that are here:
a +0 scythe of protection; a +0 robe
There is a stone staircase leading down here.
You climb downwards.
There is a stone staircase leading up here.
Ijyb the Twisted Goblin comes into view.
She is wielding a +0 club, wearing a +2 chain mail of positive energy and carrying a wand of acid (8).
Marking area around Ijyb as unsafe for travelling.
Casting: Beastly Appendage (safe; 21% risk of failure)
Confirm with . or Enter, or press ? or * to list all spells.
You grow a pair of large bovine horns.
Your feet morph into talons.
Your transformation is almost over.
Ijyb zaps a wand.
The bolt of acid hits you!!
You barely miss Ijyb. Ijyb barely misses you.
You closely miss Ijyb. You claw Ijyb, but do no damage.
Ijyb hits you with a +0 club.
A frilled lizard comes into view.
The frilled lizard hisses angrily.
You hit Ijyb.
Your weapon exudes an aura of protection.
You claw Ijyb, but do no damage.
Ijyb is lightly wounded.
Ijyb zaps a wand.
The bolt of acid misses you.
You puncture Ijyb! Your headbutt misses Ijyb.
Ijyb is heavily wounded.
Ijyb hits you but does no damage.
You closely miss Ijyb. You claw Ijyb, but do no damage.
Your headbutt misses Ijyb.
Ijyb is heavily wounded.
Your horns disappear.
Your talons disappear.
Ijyb zaps a wand.
The bolt of acid hits you!!
Ouch! That really hurt!
* * * LOW HITPOINT WARNING * * *
It was a potion of cancellation.
You feel magically purged.
Ijyb zaps a wand.
The bolt of acid hits you!!
You die...

#. #. ... #. ..
#.###.. #...#.#
#..<#.##
#.##.##..##
#.........#
.......##@##....
)##.##.#lg.# .
#. #....... ..
.......#.# .
....##..##.#
#..# ##.. . ...
#.. # ## ...


You could see Ijyb and a frilled lizard.

Vanquished Creatures
  Sigmund (D:2)
  A dart slug (D:2)
  8 endoplasms
  A giant cockroach (D:2)
  4 hobgoblins
  3 jackals (D:2)
  2 kobolds (D:1)
  4 quokkas
  4 ball pythons
  3 bats
  3 frilled lizards
  7 goblins
  7 rats
48 creatures vanquished.

Notes
Turn   | Place    | Note
-------+----------+-------------------------------------------
     0 | D:1      | benadryl the Troll Transmuter began the quest for the Orb.
     0 | D:1      | Reached XP level 1. HP: 18/18 MP: 1/1
    49 | D:1      | Reached skill level 1 in Fighting
   105 | D:1      | Reached XP level 2. HP: 27/27 MP: 2/2
   320 | D:1      | Found a faded altar of an unknown god.
   960 | D:2      | Reached XP level 3. HP: 32/33 MP: 3/3
  1110 | D:2      | Reached skill level 4 in Unarmed Combat
  1121 | D:2      | Noticed Sigmund
  1284 | D:2      | Killed Sigmund
  1285 | D:2      | Reached skill level 5 in Unarmed Combat
  1285 | D:2      | Reached XP level 4. HP: 21/44 MP: 4/4
  1285 | D:2      | Reached XP level 5. HP: 24/50 MP: 5/5
  1435 | D:2      | Identified the +10 short sword "Dadeaxi" {protect, Str+2
                  | Stlth+}
  1993 | D:3      | Noticed Ijyb
  2004 | D:3      | Killed from afar by Ijyb

Illustrated notes

Levels and vault maps discovered:
D:1:      lemuel_arrival_river_ford, layout_loops_cross,
          hellmonk_ecumenical_altar_slurped_away
D:2:      layout_loops_ring, minmay_misc_feat_more_columns,
          kennysheep_generic_room_11, uniq_sigmund
D:3:      layout_basic, hangedman_decor_clover_reticule, uniq_ijyb

Skill      XL: |  1  2  3 |
---------------+----------+-----
Fighting       | 1 2 |  2.5
Unarmed Combat | 5 |  5.5
Dodging        | |  1.5
Spellcasting   | |  1.2
Transmutations | |  1.3

Action                   |  1- 3 |  4- 6 || total
-------------------------+-------+-------++-------
Melee: Unarmed           |    91 |     1 ||    92
       Kick              |     3 |     3 ||     6
       Headbutt          |     2 |     1 ||     3
       Punch             |     1 |       ||     1
       Short sword       |       |    20 ||    20
 Cast: Beastly Appendage |     2 |     2 ||     4
  Use: Scroll            |     5 |       ||     5
       Potion            |       |     1 ||     1
 Stab: Sleeping          |     3 |     3 ||     6
Armor: Robe              |    20 |     6 ||    26
Dodge: Dodged            |    37 |     5 ||    42

Table legend: (Time is in decaauts)
 A = Elapsed time spent in this place.
 B = Non-inter-level travel time spent in this place.
 C = Inter-level travel time spent in this place.
 D = Time resting spent in this place.
 E = Time spent auto-exploring this place.
 F = Levels seen in this place.
 G = Mean time per level.
                   A        B        C        D        E       F      G
               +--------+--------+--------+--------+--------+-----+--------+
         Total |   1998 |   1911 |     87 |    470 |   1150 |   3 |  666.0 |
       Dungeon |   1998 |   1911 |     87 |    470 |   1150 |   3 |  666.0 |
               +--------+--------+--------+--------+--------+-----+--------+

Top non-repeatable levels by time:
     D:2: 1175 daAuts
     D:1: 810 daAuts
     D:3: 12 daAuts
